 Dungeon Crawl Stone Soup version 0.18.1-50-g88ac8fd (webtiles) character file.

102 Gargoyl the Skirmisher (level 4, -2/35 HPs)
             Began as a Demonspawn Abyssal Knight on Sept 21, 2016.
             Was a Follower of Lugonu.
             Slain by Gargoyl's ghost (8 damage)
             ... on level 4 of the Dungeon on Sept 22, 2016.
             The game lasted 00:04:34 (3090 turns).

Gargoyl the Skirmisher (Demonspawn Abyssal Knight)  Turns: 3090, Time: 00:04:34

Health: -2/35      AC:  8    Str: 13 (14) XL:     4   Next: 50%
Magic:  6/6        EV:  9    Int: 10 (13) God:    Lugonu [*.....]
Gold:   116        SH:  0    Dex: 10 (12) Spells: 0 memorised, 3 levels left

rFire  + . .     SeeInvis .     a - +1 hand axe
rCold  + . .     Gourm    .     d - +0 scale mail
rNeg   . . .     Faith    .     (no shield)
rPois  +         Spirit   .     (no helmet)
rElec  +         Dismiss  .     (no cloak)
rCorr  +         Reflect  .     (no gloves)
SustAt .         Harm     .     (no boots)
MR     .....                    (no amulet)
Stlth  ..........               (no ring)
                                (no ring)

@: resistant, not resistant to hostile enchantments, extremely unstealthy
A: slimy green scales 1, demonic guardian 1
a: Depart the Abyss, Renounce Religion


You were on level 4 of the Dungeon.
You worshipped Lugonu.
Lugonu was aware of your devotion.
You were not hungry.

You visited 1 branch of the dungeon, and saw 4 of its levels.
You visited the Abyss 1 time.

You collected 116 gold pieces.

Inventory:

Hand Weapons
 a - a +1 hand axe (weapon)
Armour
 d - a +0 scale mail (worn)
Scrolls
 e - 3 scrolls of identify {unknown}
 f - 2 scrolls of teleportation {unknown}
 g - a scroll of random uselessness {unknown}
 h - a scroll of fog {unknown}
 j - a scroll of remove curse {unknown}
 l - a scroll of enchant armour {unknown}
Potions
 i - a potion of curing
Comestibles
 c - 3 bread rations


   Skills:
 + Level 3.4 Fighting
 + Level 2.7 Axes
 * Level 2.7 Armour
 + Level 1.6 Dodging
 * Level 3.2 Invocations


You had 3 spell levels left.
You didn't know any spells.

Dungeon Overview and Level Annotations

Branches:
Dungeon (4/15)
 Temple: D:4-7

Altars:
Kikubaaqudgha
Trog

Annotations:
D:3 SaintRoka's ghost, amateur OgAr
D:4 Gargoyl's ghost, amateur DsAK


Innate Abilities, Weirdness & Mutations

You are partially covered in slimy green scales (AC +2).
A weak demonic guardian rushes to your aid.


Message History

Your white imp hits Gargoyl's ghost but does no damage.
Okay, then.
Unknown command.
You hit Gargoyl's ghost but do no damage.
Gargoyl's ghost is moderately damaged.
Your quasit bites Gargoyl's ghost but does no damage.
Your quasit claws Gargoyl's ghost but does no damage. x2
Gargoyl's ghost hits you but does no damage.
Your white imp hits Gargoyl's ghost but does no damage.
Your quasit bites Gargoyl's ghost but does no damage.
Your quasit claws Gargoyl's ghost but does no damage. x2
You hit Gargoyl's ghost but do no damage.
Gargoyl's ghost is moderately damaged.
Gargoyl's ghost closely misses you.
Your white imp hits Gargoyl's ghost.
Your white imp freezes Gargoyl's ghost.
Gargoyl's ghost resists.
Your quasit bites Gargoyl's ghost but does no damage.
Your quasit claws Gargoyl's ghost but does no damage.
Your quasit completely misses Gargoyl's ghost.
Gargoyl's ghost hits you!
You die...

#..# ..
##..##+##.+#
.......#.≈####
.......≈....(
#.##....≈.≈.≈
#.##..#≈....
#.†.<...≈###
#.5W.........
#.5@.........
+............
#.....#######
#######


You could see Gargoyl's ghost, a friendly quasit and a friendly white imp.

Vanquished Creatures
  2 adders (D:2)
  2 oozes (D:2)
  2 dart slugs
  2 giant geckos
  7 bats
  A giant cockroach (D:1)
  3 goblins
  3 hobgoblins
  A jackal (D:1)
  3 kobolds
  A quokka (D:2)
  2 ball pythons
  2 giant newts
  6 rats
37 creatures vanquished.

Vanquished Creatures (collateral kills)
  A crimson imp (D:4)
  A worker ant (D:4)
2 creatures vanquished.

Vanquished Creatures (others)
  4 toadstools (D:1)
4 creatures vanquished.

Grand Total: 43 creatures vanquished

Notes
Turn   | Place    | Note
--------------------------------------------------------------
     0 | Abyss:1  | Gargoyl the Demonspawn Abyssal Knight began the quest for the Orb.
     0 | Abyss:1  | Reached XP level 1. HP: 18/18 MP: 2/2
    64 | Abyss:1  | Noticed a small abomination
   297 | Abyss:2  | Noticed a large abomination
   306 | Abyss:2  | Noticed a black draconian
   313 | D:1      | Escaped the Abyss
   584 | D:1      | Reached skill level 1 in Dodging
  1145 | D:1      | Gained mutation: You are partially covered in slimy green scales (AC +2). [demonic ancestry]
  1145 | D:1      | Reached XP level 2. HP: 21/24 MP: 3/3
  1237 | D:1      | Reached * piety under Lugonu
  1637 | D:2      | Reached XP level 3. HP: 16/29 MP: 5/5
  1844 | D:2      | Found an ancient bone altar of Kikubaaqudgha.
  1946 | D:2      | Found a bloodstained altar of Trog.
  2385 | D:2      | Found a faded altar to an unknown god.
  2467 | D:2      | Gained mutation: A weak demonic guardian rushes to your aid. [demonic ancestry]
  2467 | D:2      | Reached XP level 4. HP: 35/35 MP: 6/6
  2652 | D:3      | Noticed SaintRoka's ghost (amateur OgAr)
  3078 | D:4      | Noticed Gargoyl's ghost (amateur DsAK)
  3090 | D:4      | Slain by Gargoyl's ghost

Skill      XL: |  1  2  3 |
---------------+----------+-----
Dodging        | 1 |  1.6
Axes           | 2 |  2.7
Armour         | 2 |  2.7
Invocations    | 3 |  3.2
Fighting       | |  3.4

Action                   |  1- 3 |  4- 6 || total
-------------------------+-------+-------++-------
Melee: Hand axe          |   148 |    35 ||   183
Invok: Depart the Abyss  |     1 |       ||     1
  Use: Potion            |       |     3 ||     3
 Stab: Distracted        |       |     1 ||     1
  Eat: Chunk             |     5 |     2 ||     7
Armor: Scale mail        |   117 |    15 ||   132
Dodge: Dodged            |    97 |    13 ||   110
